Map: Dasan Station LE

Players

MarineLorD

  • Race: Terran Terran
  • League: Master

Nerchio - Winner!

  • Race: Zerg Zerg
  • League: Master

Event: DreamHack ZOWIE Open Valencia 2016

VOD

https://www.youtube.com/watch?v=rAQKAeb-2iM

Description

Time

  • Played on: July 16, 2016, 12:54 p.m.
  • Length: 11:41

All games in this series

Show
View Real Time Build Order
Export as new Build Order

MarineLorD Terran 

Build Orders: Bio Tank 

Get SALT Encoding   

  12  0:00  SCV  
  13  0:12  SCV  
  14  0:17  Supply Depot  
  14  0:25  SCV  
  15  0:39  SCV  
  15  0:42  Barracks  
  16  0:51  SCV  
  16  0:52  Refinery  
  17  1:03  SCV  
  18  1:15  SCV  
  19  1:29  Orbital Command, Marine  
  20  1:42  Command Center  
  20  1:46  Marine  
  21  1:57  Factory  
  21  1:59  SCV  
  22  2:08  Supply Depot  
  22  2:11  Barracks Reactor  
  22  2:12  SCV  
  23  2:21  Refinery  
  23  2:30  SCV  
  23  2:32  Bunker  
  24  2:42  SCV  
  25  2:47  Starport  
  25  2:48  Marine x2  
  25  2:51  Widow Mine  
  27  2:54  SCV  
  30  3:03  Orbital Command  
  30  3:06  SCV  
  30  3:10  Marine  
  30  3:11  Marine  
  33  3:18  SCV  
  34  3:25  Medivac  
  34  3:26  Factory Tech Lab  
  36  3:27  Supply Depot  
  36  3:30  SCV  
  36  3:33  SCV  
  38  3:38  Marine  
  38  3:39  Marine  
  40  3:42  SCV  
  40  3:45  SCV  
  41  3:49  Siege Tank  
  41  3:54  Supply Depot, SCV  
  45  3:56  Marine  
  45  4:01  Medivac  
  48  4:05  SCV  
  48  4:06  SCV  
  48  4:07  Supply Depot  
  48  4:09  Marine  
  51  4:14  Marine  
  52  4:17  SCV  
  53  4:27  Marine  
  53  4:28  Siege Tank  
  53  4:29  SCV  
  58  4:31  SCV, Marine  
  60  4:39  Medivac  
  60  4:41  SCV  
  60  4:43  Barracks, SCV  
  60  4:44  Barracks  
  62  4:46  Supply Depot, Marine  
  63  4:53  SCV  
  63  4:54  Liberator  
  63  4:55  SCV  
  63  4:57  Refinery  
  65  5:05  SCV, Marine x2  
  68  5:08  SCV  
  68  5:10  Supply Depot  
  72  5:17  SCV  
  72  5:20  SCV  
  74  5:22  Widow Mine  
  74  5:24  Engineering Bay  
  74  5:25  Marine  
  74  5:27  Marine  
  78  5:32  SCV, Supply Depot  
  78  5:33  Barracks Tech Lab x2  
  79  5:36  SCV  
  77  5:43  Marine  
  77  5:44  SCV  
  77  5:46  Marine  
  81  5:51  Siege Tank  
  81  5:52  Marine x2  
  81  5:53  Stimpack  
  81  5:57  Refinery  
  85  6:00  Starport Reactor  
  85  6:01  Marine  
  85  6:03  SCV x2  
  85  6:04  Marine  
  89  6:10  Marine  
  92  6:18  Marauder  
  92  6:28  Marauder  
  92  6:32  Siege Tank  
  80  6:40  Marine, Marauder  
  80  6:44  Medivac  
  80  6:45  Terran Infantry Weapons Level 1  
  82  6:48  Barracks x2  
  82  6:50  Marine, Marauder  
  85  6:57  Marine  
  85  7:00  SCV  
  85  7:01  Marine  
  87  7:03  SCV  
  87  7:05  Siege Tank  
  87  7:08  Marine  
  93  7:11  Marine  
  93  7:15  Supply Depot x2  
  94  7:17  Supply Depot  
  94  7:19  Command Center  
  94  7:20  Medivac  
  94  7:25  Supply Depot  
  94  7:27  Supply Depot  
  94  7:28  Marine  
  94  7:36  SCV, Marine x2  
  100  7:37  Siege Tank, Marauder  
  104  7:45  Supply Depot x2  
  104  7:51  Marine  
  104  7:53  Barracks Reactor x2  
  104  7:54  Marine  
  104  7:55  Marauder  
  106  8:02  Marauder  
  106  8:05  SCV x2  
  110  8:06  Concussive Shells, Combat Shields  
  110  8:09  Marine  
  110  8:12  Marine  
  112  8:16  Marauder  
  114  8:23  Marine  
  114  8:26  Marine  
  114  8:27  Siege Tank  
  118  8:30  Marine  
  110  8:35  Marine x2  
  110  8:37  Marauder  
  110  8:39  Terran Infantry Armor Level 1  
  110  8:40  Medivac x2  
  94  8:41  Marauder  
  94  8:42  Marine  
  94  8:44  Marine  
  94  8:46  Marine  
  94  8:47  Marine  
  100  8:53  Marine x2  
  102  8:58  SCV x2  
  102  8:59  Siege Tank, Marauder  
  109  9:03  Marine x2  
  111  9:10  SCV  
  111  9:12  Medivac x2  
  111  9:13  Marine x2  
  118  9:20  Orbital Command  
  118  9:22  Marine x2  
  120  9:26  Marine  
  120  9:27  Marine  
  122  9:32  Marine x2, Marauder  
  126  9:40  Marine  
  126  9:42  Medivac, SCV x2  
  131  9:45  Medivac  
  131  9:47  Marine x2  
  131  9:52  Marine  
  131  9:53  Marauder  
  131  9:54  SCV  
  131  9:57  Marauder  
  131  9:59  Marine  
  117  10:05  Marine  
  119  10:09  Liberator  
  117  10:14  Marine, Marauder  
  117  10:17  Marine  
  117  10:19  Marauder  
  121  10:24  Siege Tank  
  125  10:35  Orbital Command  
  125  10:38  Marine, Marauder  
  125  10:41  Marine  
  129  10:53  SCV  
  129  10:55  Marine x4  
  126  11:06  Marine  
  126  11:09  Siege Tank  
  99  11:18  Marine  
  99  11:19  Marauder  
Show
View Real Time Build Order
Export as new Build Order

Nerchio Zerg - Winner!

Build Orders: Hatch First 

Get SALT Encoding   

  12  0:00  Drone  
  13  0:12  Overlord  
  13  0:16  Drone  
  14  0:30  Drone x2  
  14  0:34  Drone  
  17  0:52  Hatchery  
  17  0:54  Drone  
  17  0:58  Drone  
  17  1:03  Extractor  
  17  1:14  Spawning Pool  
  17  1:16  Drone  
  17  1:20  Drone  
  18  1:28  Drone  
  19  1:38  Overlord  
  19  1:49  Drone  
  20  2:00  Queen  
  20  2:01  Zergling x2  
  23  2:03  Queen  
  23  2:05  Metabolic Boost  
  25  2:08  Zergling x2  
  25  2:11  Drone  
  27  2:15  Drone  
  27  2:21  Drone  
  29  2:26  Drone  
  30  2:32  Drone  
  30  2:36  Queen  
  33  2:39  Queen  
  33  2:43  Overlord  
  35  2:46  Drone  
  36  2:54  Overlord  
  36  3:01  Drone x2  
  36  3:04  Drone  
  39  3:07  Zergling x2  
  39  3:08  Zergling x2  
  39  3:09  Drone x2  
  44  3:12  Drone  
  44  3:13  Drone x2  
  46  3:27  Drone  
  46  3:29  Drone  
  46  3:30  Hatchery  
  46  3:32  Drone  
  48  3:39  Drone x2  
  48  3:41  Roach Warren  
  49  3:47  Drone x2  
  51  3:51  Overlord  
  51  3:53  Overlord  
  51  3:57  Overlord  
  51  4:07  Evolution Chamber  
  50  4:14  Spore Crawler  
  50  4:16  Drone  
  50  4:17  Drone  
  51  4:23  Drone x4  
  51  4:24  Drone  
  56  4:29  Roach x3  
  56  4:30  Roach x2  
  65  4:31  Roach  
  65  4:34  Overlord  
  67  4:41  Lair  
  67  4:43  Drone, Extractor  
  67  4:44  Drone, Extractor  
  67  4:45  Drone  
  68  4:53  Drone x2  
  68  4:56  Drone  
  71  5:01  Drone x6  
  71  5:06  Overlord  
  77  5:09  Drone x2  
  79  5:18  Overlord  
  79  5:21  Zerg Ground Armor Level 1  
  79  5:23  Drone x2  
  79  5:25  Evolution Chamber  
  79  5:26  Overlord  
  80  5:35  Roach x6  
  92  5:38  Roach  
  92  5:41  Roach  
  93  5:45  Roach  
  93  5:49  Queen  
  95  5:51  Queen  
  95  5:52  Queen  
  100  5:57  Glial Reconstitution  
  100  5:59  Overlord x2  
  100  6:05  Zergling x16  
  100  6:06  Zergling x2  
  100  6:10  Ravager  
  110  6:13  Zergling x8  
  110  6:16  Overlord  
  114  6:21  Overlord  
  114  6:24  Overlord  
  112  6:27  Ravager x2  
  112  6:28  Zergling x2  
  112  6:29  Zergling x14  
  108  6:40  Drone x3  
  108  6:42  Drone x3  
  108  6:44  Drone, Extractor  
  108  6:45  Zerg Melee Weapons Level 1  
  114  6:48  Spore Crawler, Extractor x2  
  114  6:50  Drone  
  114  6:51  Drone  
  113  6:54  Drone x2  
  113  6:55  Drone  
  113  6:57  Drone  
  117  7:01  Drone  
  117  7:02  Drone  
  117  7:07  Overlord  
  119  7:08  Hatchery  
  119  7:13  Queen x3  
  124  7:24  Zerg Ground Armor Level 2  
  124  7:27  Infestation Pit  
  119  7:31  Zergling x10  
  119  7:33  Overlord  
  124  7:46  Zergling x6  
  124  7:47  Overlord  
  127  7:57  Roach x8  
  143  7:59  Pneumatized Carapace  
  143  8:03  Overlord  
  143  8:07  Hive, Infestor x2  
  143  8:09  Overlord  
  147  8:13  Roach x3  
  147  8:14  Roach  
  147  8:16  Roach  
  147  8:18  Ravager x2  
  161  8:20  Roach  
  161  8:21  Roach  
  161  8:22  Roach  
  161  8:23  Zergling x2  
  161  8:26  Roach  
  168  8:28  Roach  
  168  8:31  Roach x2  
  168  8:33  Roach  
  165  8:34  Roach  
  165  8:37  Roach  
  165  8:38  Roach  
  162  8:45  Drone x2, Overlord  
  164  8:50  Drone x2  
  164  8:52  Spire  
  160  8:58  Zergling x12  
  160  8:59  Zergling x2  
  167  9:04  Zergling x2  
  167  9:05  Zergling x6, Extractor  
  170  9:19  Ravager x2  
  170  9:20  Ravager x5  
  170  9:21  Zergling x20  
  187  9:31  Overlord  
  187  9:33  Ultralisk Cavern  
  187  9:37  Overlord x2  
  186  9:49  Zergling x4  
  172  9:54  Roach x7  
  172  9:56  Zergling x8  
  172  9:57  Zergling x6  
  185  10:21  Chitinous Plating  
  185  10:22  Ultralisk  
  185  10:24  Ultralisk  
  197  10:40  Overlord  
  197  10:41  Extractor  
  196  11:02  Corruptor x2  
  151  11:19  Zergling x2  

Tags
 
Add a new tag
Caveats
  • Supply blocks, unpowered buildings, or Contaminate may cause inaccurate times.
  • Supply counts are checked every 10 seconds.